 Dungeon Crawl Stone Soup version 0.31-a0-851-g7ff8af7 (webtiles) character file.

Game seed: 13219399727391275651

22393 wxf the Protected (level 12, -3/113 HPs)
             Began as a Minotaur Fighter on Oct 6, 2023.
             Was a High Priest of Okawaru.
             Killed from afar by Jorgrun (12 damage)
             ... with a blast of rock fragments
             ... while petrified by Jorgrun
             ... on level 9 of the Dungeon.
             The game lasted 01:07:21 (15984 turns).

wxf the Protected (Minotaur Fighter)               Turns: 15984, Time: 01:07:22

Health: -3/113     AC: 16    Str: 26    XL:     12   Next: 62%
Magic:  11/11      EV:  2    Int:  5    God:    Okawaru [*****.]
Gold:   489        SH:  0    Dex: 13    Spells: 11/11 levels left

rFire   . . .        a - +1 war axe
rCold   . . .        c - +0 buckler
rNeg    + + +        B - +1 chain mail "Tuixinupp" {rPois rCorr Stlth+}
rPois   ∞            (helmet restricted)
rElec   .            G - +0 cloak of Xais {Will+ Dex+3}
rCorr   +            (no gloves)
SInv    .            v - +0 pair of boots
Will    +....        (no amulet) Stlth
                     t - +4 ring of protection
HPRegen 0.38/turn    b - ring of flight
MPRegen 0.12/turn

%: no passive effects
@: petrified, flying
A: horns 2, retaliatory headbutt, deformed body, evolution 1
a: Renounce Religion, Heroism, Finesse, Duel


You were on level 9 of the Dungeon.
You worshipped Okawaru.
Okawaru was extremely pleased with you.
You visited 4 branches of the dungeon, and saw 15 of its levels.

You collected 723 gold pieces.
You spent 234 gold pieces at shops.

Inventory:

Hand Weapons
 a - a +1 war axe (weapon)
 g - a +0 war axe
 j - a +0 battleaxe
 p - a +2 arbalest of flaming
 u - a +4 dagger of draining
Missiles
 k - 7 throwing nets
 r - 28 poisoned darts
 H - 27 boomerangs
 N - a curare-tipped dart
 S - 3 darts of dispersal
Armour
 c - a +0 buckler (worn)
 v - a +0 pair of boots (worn)
 B - the +1 chain mail "Tuixinupp" (worn) {rPois rCorr Stlth+}
   (You found it on level 5 of the Dungeon)

   rPois:     It protects you from poison rCorr: It protects you from acid and
   corrosion.
   Stlth+:    It makes you more stealthy.
 F - a +3 plate armour of fire resistance
 G - the +0 cloak of Xais (worn) {Will+ Dex+3}
   (You bought it in a shop on level 10 of the Dungeon)

   Dex+3:     It affects your dexterity (+3).
   Will+:     It increases your willpower.
Jewellery
 b - a ring of flight (right hand)
 t - a +4 ring of protection (left hand)
 L - a +6 ring of intelligence
 R - a ring of see invisible
Wands
 l - a wand of iceblast (31) (quivered)
 C - a wand of quicksilver (10)
 D - a wand of mindburst (7)
 O - a wand of polymorph (8)
Scrolls
 d - 2 scrolls of poison
 n - 7 scrolls of identify
 x - 2 scrolls of amnesia
 K - 3 scrolls of enchant weapon
 V - a scroll of silence
 W - a scroll of fog
Potions
 e - 2 potions of attraction
 h - a potion of curing
 o - 2 potions of heal wounds
 s - a potion of ambrosia
 z - 3 potions of cancellation
 I - a potion of brilliance
 M - a potion of haste
 U - a potion of resistance


   Skills:
 + Level 12.5 Fighting
 - Level 4.5 Short Blades
 + Level 12.4 Axes
 + Level 5.5 Throwing
 + Level 12.6 Armour
 + Level 12.6 Shields


You had 11 spell levels left.
You didn't know any spells.
Your spell library contained the following spells:

 Spells                   Type           Power      Damage    Failure   Level
 Poisonous Vapours        Pois/Air       0%         N/A       97%         2
 Sublimation of Blood     Necr           0%         N/A       97%         2
 Wereblood                Tmut           0%         N/A       97%         2
 Gell's Gravitas          Tloc           0%         N/A       99%         3
 Mephitic Cloud           Conj/Pois/Air  0%         N/A       99%         3
 Teleport Other           Tloc           0%         N/A       99%         3
 Manifold Assault         Tloc           0%         N/A       100%        4
 Passage of Golubria      Tloc           0%         N/A       100%        4
 Petrify                  Tmut/Erth      0%         N/A       100%        4
 Freezing Cloud           Conj/Ice/Air   0%         6-21      100%        5
 Irradiate                Conj/Tmut      0%         3d11      100%        5
 Yara's Violent Unravell  Hex/Tmut       0%         3d3       100%        5
 Dispersal                Tloc           0%         N/A       100%        6
 Disjunction              Tloc           0%         N/A       100%        8
 Tukima's Dance           Hex            Unusable   N/A       N/A         3
 Summon Lightning Spire   Summ/Air       Unusable   N/A       N/A         4
 Summon Forest            Summ/Tloc      Unusable   N/A       N/A         5

Dungeon Overview and Level Annotations

Branches:
Dungeon (10/15)            Temple (1/1) D:5            Lair (3/5) D:8
 Shoals (0/4) Lair:3       Spider (0/4) Lair:3          Orc (1/2) D:9

Altars:
Ashenzari
Cheibriados
Dithmenos
Elyvilon
Fedhas
Gozag
Hepliaklqana
Kikubaaqudgha
Makhleb
Nemelex Xobeh
Okawaru
Qazlal
Ru
Sif Muna
Trog
Uskayaw
Vehumet
Wu Jian
Xom
Yredelemnul
Zin
The Shining One

Shops:
D:1 (   D:5 *   D:9 (   D:10 [

Portals:
Abyss: D:9

Annotations:
D:3 1 runed translucent door, Crazy Yiuf
D:9 1 transporter, Jorgrun; Salanewt's ghost, novice BaIE


Innate Abilities, Weirdness & Mutations

You have a pair of horns on your head.
You reflexively headbutt those who attack you in melee.
Armour fits poorly on your strangely shaped body.
You have hidden genetic potential.


Message History

The grasping roots grab you! The grasping roots constrict you!
* * * LOW HITPOINT WARNING * * *
The orc wizard gestures at you while chanting.
The magic dart hits you but does no damage.
Okay, then.
Okay, then.
Okay, then.
Blink to where?
Press: ? - help, Dir - move target You escape the roots grasp.
As you read the scroll of blinking, it crumbles to dust.
Jorgrun gestures at you while chanting.
You are slowing down.
Okay, then.
You hear a grinding noise.
Your limbs are stiffening.
You feel better.
You have turned to stone.
You hear a grinding noise.
The orc wizard mumbles some strange words.
The orc wizard flickers and vanishes!
Deactivating autopickup; reactivate with Ctrl-A.
Jorgrun points next to you and mumbles some strange words.
The wall shatters!
The blast of rock fragments hits you but does no damage.
Jorgrun points at you and mumbles some strange words.
The iron shot hits you!!!
* * * LOW HITPOINT WARNING * * *
Jorgrun gestures at the rock wall while chanting.
You hear a grinding noise.
Jorgrun points next to you and mumbles some strange words.
The wall shatters!
The blast of rock fragments hits something!!!
Reactivating autopickup.
You feel a bit more experienced. The blast of rock fragments hits you.
Jorgrun points at you and mumbles some strange words.
You easily resist.
Jorgrun points next to you and mumbles some strange words.
The wall shatters!
The blast of rock fragments hits you!!
You die...

# #.# #..... ## #.# #..... .#
###.########## #..... .#
#............######..... .#
#................##...>. .#
#............###..+..... .#
#............#.......... .#
#............#(......... .##
#......@.....#...###.... ..#
######.#).##.#..##=###.. #.##
#.#..##.#..#..###.© #..#
#..g.##....##..:### ##.#
##...####...##. ..© ##>######
##..# #....##....
........#########..# #.....#.# .
...................####)..###...#
.........##.#####..o((...##.. ###


You could see Jorgrun.

Vanquished Creatures
  Harold (D:10)
  2 hydras
  A two-headed ogre (D:10)
  Amaemon (D:8)
  A deep elf pyromancer (D:7)
  4 oklob plants (Lair:3)
  2 black mambas (Lair:3)
  An orange demon (D:8)
  4 cane toads
  Joseph (D:8)
  Jeremiah (D:9)
  7 komodo dragons
  4 rime drakes
  A troll (D:10)
  Grinder (D:3)
  2 polar bears
  A hornet (D:9)
  Prince Ribbit (D:8)
  7 blink frogs (Lair:2)
  2 jumping spiders (Lair:3)
  Sigmund (D:3)
  2 wyverns
  13 yaks
  2 basilisks
  2 small abominations (D:9)
  An acid dragon (D:10)
  7 water moccasins
  5 sky beasts
  An orc warrior (D:9)
  A black bear (Lair:3)
  11 wolves
  A phantom (D:6)
  5 centaurs
  Blork the orc (D:5)
  3 kobold brigands
  2 gnoll sergeants
  9 bullfrogs
  3 scorpions
  5 wights (D:9)
  9 killer bees
  An electric eel (Lair:3)
  4 howler monkeys (D:10)
  4 hounds
  4 jellies
  3 gnoll boudas
  8 orc priests
  A sleepcap (D:5)
  4 iguanas
  13 orc wizards
  Robin (D:3)
  12 adders
  23 gnolls
  2 shadow imps
  2 white imps
  3 worms (D:2)
  2 dart slugs (D:1)
  31 orcs
  8 bats
  6 endoplasms
  2 giant cockroaches
  9 hobgoblins
  4 jackals
  19 kobolds
  3 quokkas
  3 training dummies (D:9)
  5 ball pythons
  5 frilled lizards
  18 goblins
  5 rats
  A butterfly (Lair:3)
335 creatures vanquished.

Vanquished Creatures (others)
  An orc wizard (D:9)
1 creature vanquished.

Grand Total: 336 creatures vanquished

Notes
Turn   | Place    | Note
-------+----------+-------------------------------------------
     0 | D:1      | wxf the Minotaur Fighter began the quest for the Orb.
     0 | D:1      | Reached XP level 1. HP: 19/19 MP: 0/0
    90 | D:1      | Found Otacoibo's Antique Weapon Boutique.
   123 | D:1      | Reached XP level 2. HP: 27/27 MP: 1/1
   489 | D:1      | Found a faded altar of an unknown god.
  1164 | D:2      | Reached XP level 3. HP: 10/33 MP: 2/2
  1307 | D:2      | Reached XP level 4. HP: 34/40 MP: 3/3
  1893 | D:2      | Reached XP level 5. HP: 47/47 MP: 4/4
  2312 | D:3      | Noticed Grinder
  2320 | D:3      | Killed Grinder
  2321 | D:3      | Reached skill level 5 in Fighting
  2321 | D:3      | Reached skill level 5 in Armour
  2321 | D:3      | Reached skill level 5 in Shields
  2321 | D:3      | Reached XP level 6. HP: 46/56 MP: 5/5
  2401 | D:3      | Noticed Sigmund
  2411 | D:3      | Killed Sigmund
  2412 | D:3      | Reached skill level 5 in Axes
  2412 | D:3      | Reached XP level 7. HP: 52/62 MP: 6/6
  2694 | D:3      | Noticed Robin
  2712 | D:3      | Killed Robin
  2947 | D:3      | Found a runed translucent door.
  2948 | D:3      | Noticed Crazy Yiuf
  4052 | D:5      | Entered Level 5 of the Dungeon
  4076 | D:5      | Found Neates's Gadget Gallery.
  4080 | D:5      | Found a staircase to the Ecumenical Temple.
  4092 | Temple   | Entered the Ecumenical Temple
  4144 | Temple   | Became a worshipper of Warmaster Okawaru
  4311 | D:5      | Reached XP level 8. HP: 11/71 MP: 7/7
  4580 | D:5      | Identified the +1 chain mail "Tuixinupp" {rPois rCorr
                  | Stlth+}
  4647 | D:5      | Noticed Blork the orc
  4658 | D:5      | Killed Blork the orc
  5127 | D:6      | Reached * piety under Okawaru
  5142 | D:6      | Noticed a komodo dragon
  5157 | D:6      | Killed a komodo dragon
  5485 | D:6      | Reached XP level 9. HP: 81/81 MP: 8/8
  6099 | D:7      | Found a sparkling altar of Nemelex Xobeh.
  6453 | D:7      | Reached ** piety under Okawaru
  6494 | D:7      | Noticed a deep elf pyromancer
  6500 | D:7      | Killed a deep elf pyromancer
  6608 | D:7      | Found a white marble altar of Elyvilon.
  6608 | D:7      | Found an ornate altar of the Wu Jian Council.
  7071 | D:8      | Noticed Amaemon
  7071 | D:8      | Noticed an orange demon
  7138 | D:8      | Reached *** piety under Okawaru
  7419 | D:8      | Found a staircase to the Lair.
  7420 | D:8      | Noticed a komodo dragon
  7422 | D:8      | Noticed Joseph
  7455 | D:8      | Gained mutation: Armour fits poorly on your strangely
                  | shaped body. [potion of mutation]
  7455 | D:8      | Gained mutation: You are dopey. (Int -2) [potion of
                  | mutation]
  7455 | D:8      | Gained mutation: You possess an exceptional clarity of
                  | mind. [potion of mutation]
  7455 | D:8      | Gained mutation: You are strong-willed. (Will+) [potion of
                  | mutation]
  7455 | D:8      | Killed Joseph
  7456 | D:8      | Reached XP level 10. HP: 57/91 MP: 9/9
  7462 | D:8      | Reached skill level 1 in Short Blades
  7685 | D:8      | Reached **** piety under Okawaru
  7764 | D:8      | Noticed Prince Ribbit
  7771 | D:8      | Killed Prince Ribbit
  7968 | D:8      | Killed an orange demon
  7969 | D:8      | Reached skill level 10 in Fighting
  7969 | D:8      | Reached skill level 10 in Armour
  7969 | D:8      | Reached skill level 10 in Shields
  8109 | D:8      | Killed Amaemon
  8240 | D:8      | Found a blossoming altar of Fedhas.
  8240 | D:8      | Found an ancient bone altar of Kikubaaqudgha.
  8329 | Lair:1   | Entered Level 1 of the Lair of Beasts
  8350 | Lair:1   | Reached skill level 10 in Axes
  8468 | Lair:1   | Reached ***** piety under Okawaru
  8481 | Lair:1   | Noticed a cane toad
  8941 | Lair:1   | Killed a cane toad
  8942 | Lair:1   | Reached XP level 11. HP: 76/101 MP: 7/10
  9691 | Lair:2   | Received a gift from Okawaru
  9952 | Lair:2   | Reached skill level 1 in Throwing
 10248 | Lair:2   | Got an ancient book
 10444 | Lair:2   | Noticed a five-headed hydra
 10464 | Lair:2   | Killed a five-headed hydra
 11800 | D:9      | Found a transporter.
 11805 | D:9      | Found a one-way gate to the infinite horrors of the Abyss.
 11805 | D:9      | Noticed Salanewt's ghost (novice BaIE)
 11837 | D:9      | Found a transporter.
 11850 | D:9      | Noticed a cyan ugly thing
 11859 | D:9      | Found a staircase to the Orcish Mines.
 11966 | D:9      | Found a hazy altar of Hepliaklqana.
 12196 | D:9      | Noticed Jeremiah
 12208 | D:9      | Killed Jeremiah
 12347 | D:9      | Paralysed by a hornet for 3 turns
 12420 | D:9      | Found Intaqog's Firing Range.
 12857 | D:10     | Entered Level 10 of the Dungeon
 12877 | D:10     | Found a snail-covered altar of Cheibriados.
 12879 | D:10     | Noticed Harold
 12896 | D:10     | Killed Harold
 13136 | D:10     | Found Ahadeukee's Armour Shoppe.
 13144 | D:10     | Bought the +0 cloak of Xais {Will+ Dex+3} for 234 gold
                  | pieces
 13261 | D:10     | Noticed a two-headed ogre
 13273 | D:10     | Killed a two-headed ogre
 13273 | D:10     | Received a gift from Okawaru
 13373 | D:10     | Identified the +1 leather armour of the Dungeon {+Inv}
 13403 | D:10     | Reached XP level 12. HP: 106/111 MP: 11/11
 13911 | Lair:3   | Noticed a six-headed hydra
 13919 | Lair:3   | Killed a six-headed hydra
 14516 | Lair:3   | Received a gift from Okawaru
 14714 | Lair:3   | Reached skill level 5 in Throwing
 14866 | Lair:3   | Found a staircase to the Shoals.
 14965 | Lair:3   | Found a hole to the Spider Nest.
 15847 | Lair:2   | Lost mutation: You possess an exceptional clarity of mind.
                  | [potion of mutation]
 15847 | Lair:2   | Lost mutation: You are dopey. (Int -2) [potion of mutation]
 15847 | Lair:2   | Lost mutation: You are strong-willed. (Will+) [potion of
                  | mutation]
 15847 | Lair:2   | Gained mutation: You have hidden genetic potential. [potion
                  | of mutation]
 15949 | Orc:1    | Entered Level 1 of the Orcish Mines
 15956 | Orc:1    | Noticed Jorgrun
 15984 | D:9      | Killed from afar by Jorgrun

Illustrated notes

Levels and vault maps discovered:
D:1:      minmay_arrival_stair_chambers, layout_rooms, serial_shops,
          nicolae_shop_stone, dreamdust_ecumenical_altar_angels_and_demons,
          serial_co_window_serial, co_window_paths_a, co_window_corner_a,
          co_window_cross_1, co_window_of_opportunity_a, co_window_paths_a,
          co_window_paths_b, co_window_paths_a, co_window_paths_a,
          co_window_cross_1, co_window_corner_ca, co_window_unsneaky_path_d,
          co_window_cross_2, co_window_2corner, co_window_4corner_b,
          glass_columns_b, glass_columns_a, glass_columns_a
D:2:      minmay_skewed_foursquare, layout_loops_cross
D:3:      layout_loops_ring, uniq_robin, uniq_grinder, uniq_crazy_yiuf_cottage,
          uniq_sigmund
D:4:      layout_rooms
D:5:      layout_rooms, minmay_temple_entry_butterflies, nicolae_shop_gadgets,
          uniq_blork_the_orc
D:6:      layout_basic
D:7:      layout_basic, mainiacjoe_overflow_concentric_impassable,
          gammafunk_temple_overflow_wave, minmay_misc_feat_plants
D:8:      layout_loops_ring, grunt_temple_overflow_growth_and_decay,
          david_lair_shrubbed, uniq_amaemon, uniq_joseph, uniq_prince_ribbit1
D:9:      layout_roguey, lemuel_coloured_pillars_altar, orc_0_dummy,
          gammafunk_ghost_abyssal_escape, minmay_misc_feat_room,
          nicolae_shop_firing_range, uniq_jeremiah
D:10:     layout_roguey, mainiacjoe_overflow_boulevard, serial_shops, shop,
          uniq_harold
Temple:   regret_index_temple_waves
Lair:1:   layout_gridlike, serial_rivers, chequers_serial_rivers_micro_d,
          chequers_serial_rivers_small_b, chequers_serial_rivers_micro_d,
          chequers_serial_rivers_large_b
Lair:2:   layout_cave_pods, serial_bayou_shore_b, serial_bayou_shore_b
Lair:3:   minmay_lair_oklob_tunnel, layout_misc_corridors,
          minmay_shoals_entry_centaurs, nicolae_spider_entry_tight_spaces,
          lemuel_fruit_tree, infiniplex_staircase_pool, grunt_megastairs_5,
          lemuel_fruit_fields
Orc:1:    layout_caves, uniq_jorgrun

Skill      XL: |  1  2  3  4  5  6  7  8  9 10 11 12 |
---------------+-------------------------------------+-----
Fighting       | 4 5 6 7 9 10 11 12 | 12.5
Armour         | 4 5 6 7 9 10 11 12 | 12.6
Shields        | 4 5 6 7 9 10 11 12 | 12.6
Axes           | 3 4 5 6 7 9 10 11 12 | 12.4
Short Blades   | 4 |  4.5
Throwing       | 4 5 |  5.5

Action                     |  1- 3 |  4- 6 |  7- 9 | 10-12 || total
---------------------------+-------+-------+-------+-------++-------
  Melee: War axe           |    58 |   100 |   437 |   521 ||  1116
         Headbutt          |     6 |    13 |    76 |   140 ||   235
         Dagger            |       |       |       |    22 ||    22
         Short sword       |       |       |       |     5 ||     5
  Throw: Dart              |       |       |       |    15 ||    15
 Invoke: Heroism           |       |       |       |     3 ||     3
  Evoke: Wand              |       |       |       |     5 ||     5
    Use: Potion            |       |     1 |    14 |     4 ||    19
         Scroll            |       |       |     9 |     9 ||    18
 Armour: Scale mail        |    46 |    79 |    12 |       ||   137
         Chain mail        |       |       |   277 |   481 ||   758
         Plate armour      |       |       |    67 |       ||    67
         Skin              |       |       |    30 |       ||    30
  Dodge: Dodged            |    32 |    43 |   132 |   234 ||   441
  Block: Buckler           |    13 |    22 |   114 |   171 ||   320

Table legend: (Time is in decaauts)
 A = Elapsed time spent in this place.
 B = Non-inter-level travel time spent in this place.
 C = Inter-level travel time spent in this place.
 D = Time resting spent in this place.
 E = Time spent auto-exploring this place.
 F = Levels seen in this place.
 G = Mean time per level.
                   A        B        C        D        E       F      G
               +--------+--------+--------+--------+--------+-----+--------+
         Total |  16078 |  15123 |    955 |   1074 |  10349 |  15 | 1071.9 |
       Dungeon |  10884 |  10227 |    657 |    695 |   7114 |  10 | 1088.4 |
        Temple |    104 |     28 |     76 |      0 |      0 |   1 |  104.0 |
          Lair |   5071 |   4851 |    220 |    379 |   3235 |   3 | 1690.3 |
  Orcish Mines |     17 |     17 |      0 |      0 |      0 |   1 |   17.0 |
               +--------+--------+--------+--------+--------+-----+--------+

Top non-repeatable levels by time:
  Lair:2: 1994 daAuts
  Lair:3: 1897 daAuts
     D:8: 1697 daAuts
     D:6: 1313 daAuts
     D:3: 1241 daAuts
  Lair:1: 1179 daAuts
     D:1: 1143 daAuts
     D:7: 1106 daAuts
     D:2: 1100 daAuts
     D:9: 1094 daAuts
    D:10: 839 daAuts
     D:5: 714 daAuts
     D:4: 632 daAuts
  Temple: 104 daAuts
   Orc:1: 17 daAuts
